 Dungeon Crawl Stone Soup version 0.21-a0-509-gecc5317 (webtiles) character file.

1040 Spazmo the Thaumaturge (level 8, -3/41 HPs)
             Began as a Deep Elf Conjurer on Nov 30, 2017.
             Killed by nerve-wracking pain
             ... invoked by an orc priest
              (11 damage)
             ... on level 5 of the Dungeon.
             The game lasted 00:10:44 (3332 turns).

Spazmo the Thaumaturge (Deep Elf Conjurer)          Turns: 3332, Time: 00:10:44

Health: -3/41      AC:  5    Str:  5    XL:     8   Next: 4%
Magic:  16/31      EV: 13    Int: 23    God:
Gold:   228        SH:  0    Dex: 15    Spells: 13/24 levels left

rFire    + . .     SeeInvis .   m - +2 dagger (speed)
rCold    + . .     Gourm    .   (no shield)
rNeg     . . .     Faith    .   a - +0 robe
rPois    +         Spirit   .   (no helmet)
rElec    +         Reflect  .   q - +1 cloak
rCorr    +         Harm     .   y - +0 pair of gloves
MR       .....     Rnd*Tele +   (no boots)
Stlth    ++........             (no amulet)
HPRegen  0.13/turn              v - ring of teleportation (curse)
MPRegen  0.22/turn              j - ring of magical power

@: resistant
A: no striking features
a: no special abilities


You were on level 5 of the Dungeon.
You were not hungry.

You visited 1 branch of the dungeon, and saw 5 of its levels.

You collected 228 gold pieces.

Inventory:

Hand Weapons
 m - a +2 dagger of speed (weapon)
 u - a +0 blowgun
Missiles
 e - 28 poisoned needles
 i - 86 stones (quivered)
Armour
 a - a +0 robe (worn)
 q - a +1 cloak (worn)
 y - a +0 pair of gloves (worn)
Jewellery
 j - a ring of magical power (right hand)
 s - an uncursed ring of positive energy
 v - a cursed ring of teleportation (left hand)
 w - an uncursed ring of stealth
Wands
 f - a wand of iceblast (5)
Scrolls
 d - 4 scrolls of teleportation
 g - 3 scrolls of identify
 n - 4 scrolls of enchant armour
 x - a scroll of immolation {unknown}
Potions
 h - a potion of brilliance {unknown}
 l - a potion of mutation {unknown}
 o - a potion of degeneration {unknown}
 r - a potion of haste
 t - a potion of curing {unknown}
 z - a potion of berserk rage {unknown}
Books
 b - a book of Conjurations

   Spells                             Type                      Level
   a - Magic Dart                     Conjuration                  1
   b - Searing Ray                    Conjuration                  2
   c - Dazzling Spray                 Conjuration/Hexes            3
   d - Fulminant Prism                Conjuration/Hexes            4
   e - Force Lance                    Conjuration/Translocation    4
   f - Iskenderun's Mystic Blast      Conjuration                  4
Comestibles
 c - 3 bread rations
 p - 3 royal jellies
 A - 2 chunks of flesh


   Skills:
 - Level 3.0 Dodging
 - Level 3.0 Stealth
 + Level 8.7 Spellcasting
 + Level 8.2 Conjurations
 - Level 2.0 Translocations


You had 13 spell levels left.
You knew the following spells:

 Your Spells              Type           Power        Failure   Level  Hunger
a - Magic Dart            Conj           ####         1%          1    None
b - Searing Ray           Conj           #####.       1%          2    None
c - Force Lance           Conj/Tloc      ####....     8%          4    ##.....
d - Iskenderun's Mystic   Conj           #####...     2%          4    ##.....


Dungeon Overview and Level Annotations

Branches:
Dungeon (5/15)             Temple (0/1) D:5

Altars:
Kikubaaqudgha
Nemelex Xobeh
Okawaru


Message History

The orc priest is lightly wounded.
The orc priest invokes the aid of Beogh against you.
Beogh smites you!
Casting: Magic Dart
Confirm with . or Enter, or press ? or * to list all spells.
Aiming: Searing Ray
Press: ? - help, Shift-Dir - straight line, f/p - orc priest
Aim: an orc priest, wielding a short sword (lightly wounded)
The searing ray hits the orc priest.
The orc priest is severely wounded. (Press . to maintain the ray.)
The orc priest miscasts a cantrip.
The orc priest invokes the aid of Beogh against you.
Pain shoots through your body!
* * * LOW HITPOINT WARNING * * *
You feel protected.
The orc priest begins to cast a cantrip, but forgets the words!
The orc priest invokes the aid of Beogh against you.
Pain shoots through your body!
You die...

....# ....#
....# o...#
#######o...#
#.....#....#
+...))#....#
#(....@....#
#...........###
#.....#.#...#
#....#.#.#..#
#...#.#.#.#.#
#....#.>.#..#
#...#.#.#?#.#
###..#.#.#..#


You could see 2 orc priests.

Vanquished Creatures
  Grinder (D:4)
  2 ogres (D:4)
  A centaur (D:5)
  The ghost of Caerwyn the Caller, an amateur GnSu (D:4)
  A howler monkey (D:4)
  4 hounds
  A centaur skeleton (D:4)
  An iguana (D:5)
  6 orc wizards
  A worker ant zombie (D:5)
  2 adders
  A shadow imp (D:5)
  An ooze (D:3)
  An adder skeleton (D:4)
  A worm (D:3)
  6 dart slugs
  2 leopard geckos (D:1)
  13 orcs
  4 bats
  A giant cockroach (D:4)
  9 goblins
  8 hobgoblins
  10 jackals
  5 kobolds
  A ball python (D:2)
  2 frilled lizards (D:5)
  A leopard gecko skeleton (D:4)
  4 rats
91 creatures vanquished.

Notes
Turn   | Place    | Note
-------+----------+-------------------------------------------
     0 | D:1      | Spazmo the Deep Elf Conjurer began the quest for the Orb.
     0 | D:1      | Reached XP level 1. HP: 10/10 MP: 6/6
   139 | D:1      | Reached XP level 2. HP: 15/15 MP: 4/8
   143 | D:1      | Learned a level 2 spell: Searing Ray
   570 | D:1      | Found an iron altar of Okawaru.
   657 | D:2      | Reached XP level 3. HP: 19/19 MP: 10/10
   878 | D:2      | You fall through a shaft for 2 floors!
   892 | D:3      | Found a sparkling altar of Nemelex Xobeh.
  1436 | D:3      | Reached skill level 5 in Conjurations
  1472 | D:3      | Reached XP level 4. HP: 13/24 MP: 8/12
  1812 | D:3      | Learned a level 4 spell: Force Lance
  1817 | D:3      | Learned a level 4 spell: Iskenderun's Mystic Blast
  2163 | D:4      | Reached skill level 1 in Translocations
  2163 | D:4      | Reached XP level 5. HP: 18/28 MP: 13/14
  2167 | D:4      | Reached skill level 5 in Spellcasting
  2284 | D:4      | Reached XP level 6. HP: 24/32 MP: 5/16
  2533 | D:4      | Noticed Grinder
  2538 | D:4      | Noticed Caerwyn's ghost (amateur GnSu)
  2541 | D:4      | Killed Grinder
  2636 | D:4      | Reached XP level 7. HP: 36/36 MP: 19/19
  2662 | D:4      | Killed Caerwyn's ghost
  2946 | D:4      | Found an ancient bone altar of Kikubaaqudgha.
  3085 | D:5      | Entered Level 5 of the Dungeon
  3317 | D:5      | Found a staircase to the Ecumenical Temple.
  3324 | D:5      | Reached XP level 8. HP: 33/41 MP: 22/22
  3332 | D:5      | Killed from afar by an orc priest

Vault maps used:
D:1:      minmay_arrival_plants_in_alcoves, okawaru_ov_weapons_minmay
D:2:      minivault_5
D:3:      nemelex_xobeh_ov_fountains_minmay
D:4:      nicolae_overflow_crystal_walls, uniq_grinder
D:5:      minmay_temple_entry_grid, first_bread

Skill      XL: |  1  2  3  4  5  6  7 |
---------------+----------------------+-----
Stealth        | 3 |  3.0
Dodging        | 3 |  3.0
Spellcasting   | 4 5 7 8 |  8.7
Conjurations   | 5 6 7 8 |  8.2
Translocations | 1 2 |  2.0

Action                   |  1- 3 |  4- 6 |  7- 9 || total
-------------------------+-------+-------+-------++-------
Melee: Unarmed           |     3 |       |       ||     3
       Whip              |     4 |       |       ||     4
       Dagger            |       |       |     1 ||     1
 Cast: Magic Dart        |    82 |    48 |    39 ||   169
       Searing Ray       |       |    10 |    11 ||    21
       Force Lance       |       |     1 |     1 ||     2
       Iskenderun's Myst |       |       |     1 ||     1
  Use: Potion            |     1 |       |     1 ||     2
       Scroll            |     5 |     1 |     1 ||     7
  Eat: Chunk             |     1 |     4 |     2 ||     7
Armor: Robe              |       |    10 |     2 ||    12
Dodge: Dodged            |     8 |    25 |    14 ||    47

Table legend:
 A = Spawn XP
 B = Non-spawn XP
 C = Spawn XP percentage of total XP
 D = Spawn monster count
 E = Non-spawn monster count
 F = Spawn count percentage of total count
 G = Total turns spent on level
                    A         B        C        D         E        F      G
               +---------+---------+-------+---------+---------+-------+---------
         Total |       0 |    1486 |   0.0 |       0 |      91 |   0.0 |  3332
               +---------+---------+-------+---------+---------+-------+---------
           D:1 |       0 |      34 |   0.0 |       0 |      16 |   0.0 |   631
           D:2 |       0 |      32 |   0.0 |       0 |      16 |   0.0 |   742
           D:3 |       0 |      73 |   0.0 |       0 |      15 |   0.0 |   847
           D:4 |       0 |    1057 |   0.0 |       0 |      29 |   0.0 |   883
           D:5 |       0 |     290 |   0.0 |       0 |      15 |   0.0 |   229
               +---------+---------+-------+---------+---------+-------+---------
